[Event "WYCC 2018 O14"]
[Site "Halkidiki"]
[Date "2018.10.21"]
[Round "3"]
[White "Morgenstern, Tobias"]
[Black "Galkin, Gleb"]
[Result "0-1"]
[ECO "C77"]
[WhiteElo "1876"]
[BlackElo "2134"]
[Annotator "NA"]
[PlyCount "62"]
[EventDate "2018.10.20"]
[EventType "swiss"]
[EventCountry "GRE"]
[SourceTitle "playchess.com"]
[Source "ChessBase"]
[SourceQuality "1"]
[TimeControl "40/5400+30:1800+30"]

1. e4 e5 2. Nf3 Nc6 3. Bb5 a6 4. Ba4 Nf6 5. d3 d6 6. c3 g6 7. O-O Bg7 8. Nbd2 O-O 9. Re1 h6 10. Nf1 b5 11. Bc2 d5 12. Qe2 Be6 13. Ng3 Re8 14. h3 Nd7 15. Nh2 d4 16. f4 exf4 17. Bxf4 dxc3 18. b3 Nd4 19. Qf2 Qh4 20. Bxc7 Rac8 21. Bd6 Rc6 22. e5 Nxc2 23. Nf3 Qf4 24. Ne2 Qf5 25. g4 Qxd3 26. Nf4 Nxe1 27. Rxe1 Rxd6 28. Nxd3 Rxd3 29. Kg2 Bd5 30. Re3 Rxe3 31. Qxe3 Nxe5 0-1

[Event "WYCC 2018 O14"]
[Site "Halkidiki"]
[Date "2018.10.21"]
[Round "3"]
[White "Tsarsitalidis, Konstantinos"]
[Black "Marn, Jan"]
[Result "0-1"]
[ECO "C54"]
[WhiteElo "1864"]
[BlackElo "2125"]
[Annotator "NA"]
[PlyCount "66"]
[EventDate "2018.10.20"]
[EventType "swiss"]
[EventCountry "GRE"]
[SourceTitle "playchess.com"]
[Source "ChessBase"]
[SourceQuality "1"]
[TimeControl "40/5400+30:1800+30"]

1. e4 e5 2. Nf3 Nc6 3. Bc4 Bc5 4. c3 Nf6 5. d3 d6 6. O-O a6 7. a4 Ba7 8. h3 Ne7 9. Nbd2 O-O 10. Bb3 Ng6 11. d4 b5 12. Re1 Bb7 13. Bc2 Re8 14. d5 c6 15. c4 cxd5 16. cxd5 $15 Qb6 17. Rf1 Rec8 18. Nb3 b4 19. a5 Qc7 20. Bd3 Re8 21. Bd2 Nxd5 22. exd5 e4 23. Be2 exf3 24. Bxf3 Qc4 25. Rc1 Qb5 26. g3 Ne5 27. Bg2 Bxd5 28. Bxd5 Qxd5 29. Bxb4 Nf3+ 30. Kh1 Nd4+ 31. Kh2 Qxb3 32. Qxb3 Nxb3 33. Rc3 Nc5 0-1

[Event "WYCC 2018 O14"]
[Site "Halkidiki"]
[Date "2018.10.22"]
[Round "4"]
[White "Bjerre, Jonas Buhl"]
[Black "Munshi, Aditya"]
[Result "1-0"]
[ECO "B12"]
[WhiteElo "2438"]
[BlackElo "2133"]
[Annotator "NA RC"]
[PlyCount "73"]
[EventDate "2018.10.20"]
[EventType "swiss"]
[EventCountry "GRE"]
[SourceTitle "playchess.com"]
[Source "ChessBase"]
[SourceQuality "1"]
[TimeControl "40/5400+30:1800+30"]

1. e4 c6 2. d4 d5 3. e5 Bf5 4. Nd2 e6 5. Nb3 c5 {[%emt 0:02:45] B12: Caro-Kann: Advance Variation} (5... Nd7 6. Nf3 Ne7 7. Be2 Ng6 8. O-O f6 9. c4 dxc4 10. Bxc4 fxe5 11. Ng5 Qf6 12. g4 Nf4 13. Bxf4 exf4 14. Nxe6 Bxe6 15. Bxe6 {½-½ (46) Grischuk,A (2766)-Mamedyarov,S (2808) Paris 2018}) 6. dxc5 Bxc5 7. Nxc5 Qa5+ 8. c3 Qxc5 9. Be3 Qc7 10. f4 Ne7 11. Nf3 Nbc6 12. Be2 O-O 13. O-O {[%emt 0:01:47] [#]} Rfd8 $146 14. Qd2 Bg4 15. Rac1 Rac8 16. b4 b6 17. h3 Bxf3 18. Bxf3 Nf5 19. Bf2 Qe7 20. Rfd1 b5 (20... g5 $14) 21. Qe1 Qc7 22. Qf1 Rb8 23. a4 bxa4 24. Qa6 Qd7 25. b5 Nce7 $18 26. c4 d4 27. g4 Nh6 28. Rxd4 Qe8 29. Qxa7 Rxd4 30. Bxd4 Ng6 31. Be3 Nh4 32. Bc6 Qd8 33. Qd7 Nf3+ 34. Kg2 Nh4+ 35. Kf2 Qa5 36. Qa7 Qd8 37. Rd1 1-0

[Event "WYCC 2018 O14"]
[Site "Halkidiki"]
[Date "2018.10.22"]
[Round "4"]
[White "Tsoi, Dmitry"]
[Black "Krallis, Christos"]
[Result "1-0"]
[ECO "A05"]
[WhiteElo "2429"]
[BlackElo "2139"]
[Annotator "NA"]
[PlyCount "87"]
[EventDate "2018.10.20"]
[EventType "swiss"]
[EventCountry "GRE"]
[SourceTitle "playchess.com"]
[Source "ChessBase"]
[SourceQuality "1"]
[TimeControl "40/5400+30:1800+30"]

1. Nf3 Nf6 2. c4 e6 3. g3 d5 4. b3 Be7 5. Bg2 O-O 6. O-O c5 7. e3 Nc6 8. Bb2 d4 9. exd4 cxd4 10. Re1 Ne8 11. Ne5 {[%emt 0:07:07] A14: English Opening: 1...e6 with b3 by White} Nxe5 12. Rxe5 f6 13. Re1 e5 14. d3 (14. Ba3 Bxa3 15. Nxa3 Rb8 16. b4 Nc7 17. d3 b6 18. Qa4 a6 {½-½ (56) Petrosian,T (2609)-Eljanov,P (2700) Sharjah 2018}) 14... Nc7 15. Na3 Rb8 16. Qd2 $146 ({Predecessor:} 16. Nc2 b5 17. f4 bxc4 18. dxc4 d3 {0-1 (29) Fauland,A (2448)-Banusz,T (2556) Vienna 2012}) 16... b5 17. cxb5 Nxb5 18. Nc2 Bb7 19. Bxb7 Rxb7 20. f4 Bd6 21. Qg2 Rbf7 22. fxe5 fxe5 23. Rf1 $1 Qa8 24. Qxa8 Rxa8 25. a4 Rxf1+ 26. Kxf1 Nc7 27. Ba3 Bxa3 28. Nxa3 Rb8 29. Rb1 Kf7 30. Nc4 Ke6 31. Re1 Rxb3 32. Rxe5+ Kf6 33. Ke2 Ne6 34. Ra5 Rb7 35. Kf3 Re7 36. h4 g6 37. Nd6 h5 38. Rd5 Kg7 39. Nb5 Rf7+ 40. Kg2 Rf5 $18 (40... a6 $16) 41. Rxf5 gxf5 42. Nxa7 Nc5 43. a5 Nxd3 44. Nb5 1-0

[Event "WYCC 2018 O14"]
[Site "Halkidiki"]
[Date "2018.10.22"]
[Round "4"]
[White "Kacharava, Nikolozi"]
[Black "Avila Pavas, Santiago"]
[Result "1-0"]
[ECO "B03"]
[WhiteElo "2373"]
[BlackElo "2277"]
[Annotator "NA"]
[PlyCount "85"]
[EventDate "2018.10.20"]
[EventType "swiss"]
[EventCountry "GRE"]
[SourceTitle "playchess.com"]
[Source "ChessBase"]
[SourceQuality "1"]
[TimeControl "40/5400+30:1800+30"]

1. e4 Nf6 2. e5 Nd5 3. d4 d6 4. c4 Nb6 5. exd6 cxd6 6. Nc3 g6 7. Be3 Bg7 8. Rc1 O-O 9. b3 Nc6 10. d5 Ne5 11. Be2 f5 12. f4 Ng4 13. Bd4 {[%emt 0:01:12] B03: Alekhine's Defence: Four Pawns Attack} Bh6 (13... e5 14. dxe6 Bxe6 15. Bxg4 Bxd4 16. Qxd4 fxg4 17. Nge2 Qh4+ 18. Ng3 Qf6 19. Qxf6 Rxf6 20. O-O d5 {1-0 (40) Azarov,S (2582)-Bernadskiy,V (2529) Lvov 2017}) 14. Qd2 e5 15. dxe6 $1 Bxe6 16. Nf3 d5 17. c5 Nd7 18. h3 $146 ({Predecessor:} 18. O-O Qe7 19. b4 Ngf6 20. Ng5 Ne4 21. Ncxe4 fxe4 22. Nxe6 Qxe6 {1-0 (44) Chen,T (2277)-Nonnenmacher,T (2206) Germany 2007}) 18... Ngf6 19. Ng5 Bxg5 20. fxg5 Ne4 21. Nxe4 fxe4 22. Bb2 $18 ({Nicht} 22. c6 bxc6 23. Rxc6 Qe7 $16) 22... Qc7 23. Qd4 Qg3+ 24. Kd1 Kf7 25. c6 bxc6 26. Rxc6 Bf5 27. Qxd5+ Ke8 28. Bb5 Qxg5 29. Re6+ Bxe6 30. Qxg5 Rf5 31. Bxd7+ Kxd7 32. Qe3 Rc8 33. Qxe4 Bd5 34. Qd4 Rd8 35. Qxa7+ Kc8 36. Ke2 Re8+ 37. Kd2 Rd8 38. Rc1+ Bc6+ 39. Bd4 Rd6 40. Rc4 Kd8 41. Kc3 Bd7 42. Qc7+ Ke7 43. Bc5 1-0

[Event "WYCC 2018 O14"]
[Site "Halkidiki"]
[Date "2018.10.22"]
[Round "4"]
[White "Murzin, Volodar"]
[Black "Kushagra Mohan"]
[Result "1/2-1/2"]
[ECO "C82"]
[WhiteElo "2340"]
[BlackElo "2283"]
[Annotator "NA"]
[PlyCount "151"]
[EventDate "2018.10.20"]
[EventType "swiss"]
[EventCountry "GRE"]
[SourceTitle "playchess.com"]
[Source "ChessBase"]
[SourceQuality "1"]
[TimeControl "40/5400+30:1800+30"]

1. e4 e5 2. Nf3 Nc6 3. Bb5 a6 4. Ba4 Nf6 5. O-O Nxe4 6. d4 b5 7. Bb3 d5 8. dxe5 Be6 9. c3 Bc5 10. Qd3 O-O 11. Be3 Bxe3 12. Qxe3 f5 {[%emt 0:03:37] C82: Open Ruy Lopez: 9 c3 without 9...Be7} (12... Na5 13. Nbd2 Nxd2 14. Nxd2 Qc8 15. f4 c5 16. Bc2 f5 17. exf6 Rxf6 18. Qd3 g6 19. f5 gxf5 20. Rae1 {½-½ (29) Wei,Y (2706)-Ding,L (2764) Shenzhen 2016}) 13. exf6 Qxf6 14. Nbd2 Nxd2 15. Qxd2 Rad8 16. Rfe1 Na5 17. Qd4 Qxd4 $146 ({Predecessor:} 17... Qg6 18. Ne5 Qg5 19. Nf3 {½-½ (19) Bekemann,U-Schulz,G Germany 1997}) 18. Nxd4 Bf7 19. Bc2 c5 20. Ne6 Bxe6 21. Rxe6 d4 22. cxd4 cxd4 23. Bd3 Nc4 24. Re2 Nb6 25. a3 Na4 26. Rd1 Nc5 27. f3 Rd6 28. Rc2 Nxd3 29. Rxd3 Kf7 30. Rc7+ Kf6 31. Kf2 Rf7 32. Rc5 Re7 33. Rc2 Ke5 34. Re2+ Kf6 35. Rdd2 Rxe2+ 36. Kxe2 Ke5 $14 37. Kd3 Kd5 38. Re2 Rh6 39. Re7 Rxh2 40. Rxg7 Ke5 41. Rg5+ Kf6 42. Rg8 Ke5 43. Re8+ Kf4 44. Re4+ Kf5 45. Re2 Rh4 46. b4 h5 47. Re4 Rh1 48. g4+ hxg4 49. fxg4+ Kg5 50. Kxd4 Rd1+ 51. Kc3 Rc1+ 52. Kb3 Rh1 53. Re6 Rh3+ 54. Kb2 Rh2+ 55. Kc1 Rh1+ 56. Kd2 Kxg4 57. Rxa6 Rh3 58. Ra5 Kf4 59. Kc2 Ke4 60. Rxb5 Rxa3 61. Kb2 Rh3 62. Ra5 Kd4 63. Ra3 Rh2+ 64. Kb3 Rh3+ 65. Ka4 Rh8 66. Rg3 Ra8+ 67. Kb3 Kd5 68. Rc3 Kd6 69. b5 Kd7 70. Kb4 Rc8 71. Rxc8 Kxc8 72. Ka5 Kb7 73. b6 Kb8 74. Ka6 Ka8 75. b7+ Kb8 76. Kb6 1/2-1/2

[Event "WYCC 2018 O14"]
[Site "Halkidiki"]
[Date "2018.10.22"]
[Round "4"]
[White "Tanriverdi, Enes"]
[Black "Rasti, Arvin"]
[Result "1-0"]
[ECO "E18"]
[WhiteElo "2317"]
[BlackElo "2064"]
[Annotator "NA"]
[PlyCount "91"]
[EventDate "2018.10.20"]
[EventType "swiss"]
[EventCountry "GRE"]
[SourceTitle "playchess.com"]
[Source "ChessBase"]
[SourceQuality "1"]
[TimeControl "40/5400+30:1800+30"]

1. d4 Nf6 2. c4 e6 3. Nf3 b6 4. g3 Bb7 5. Bg2 Be7 6. O-O O-O 7. Nc3 Ne4 8. Bd2 f5 9. Ne5 {[%emt 0:04:47] E18: Damenindisch (Hauptfortsetzung)} (9. Qc2 Nxc3 10. Qxc3 Bf6 11. Rad1 Nc6 12. Qe3 Ne7 13. Bc3 Qe8 14. Ne1 Bxg2 15. Nxg2 Ng6 16. Qd3 Rd8 17. e4 fxe4 18. Qxe4 {½-½ (41) Aronian,L (2780)-Ivanchuk,V (2757) Leuven 2017}) 9... Nxc3 10. Bxc3 Bxg2 11. Kxg2 Bf6 12. Re1 Bxe5 $146 ({Vorgänger:} 12... a5 13. Rc1 Na6 14. Nd3 Qe7 15. a3 Qd6 16. Nf4 Rae8 17. Qd3 c5 18. e3 cxd4 19. exd4 Bg5 20. Qf3 Rc8 21. Qb7 Nb8 22. d5 {½-½ (22) Simeonidis,I (2266)-Nikolaou,S (2096) Nikaia 2015}) 13. dxe5 a5 14. e4 Na6 15. exf5 Rxf5 16. f4 Qe7 17. a3 Raf8 18. Rb1 g5 19. Bd2 gxf4 20. Bxf4 Qg7 21. Kh1 h5 22. b4 axb4 23. axb4 Qg4 (23... Qh7 $11 {keeps the balance.}) 24. Qxg4+ hxg4 25. Red1 R8f7 26. Rd2 Rh5 27. Ra2 Nb8 28. b5 Kg7 $16 29. Ra8 Rf8 30. Rba1 d6 31. R8a7 dxe5 32. Rxc7+ Kg6 33. Be3 Rf3 34. Bxb6 Rxg3 35. Rg1 Rd3 36. Rxg4+ Kf5 37. Rg2 Nd7 38. Bg1 Rd1 39. c5 e4 40. Rxd7 Rxd7 41. c6 Rc7 42. Rc2 e3 43. Rc5+ e5 44. Bxe3 Ra7 45. c7 Ra1+ 46. Bg1 1-0

[Event "WYCC 2018 O14"]
[Site "Halkidiki"]
[Date "2018.10.22"]
[Round "4"]
[White "Nogerbek, Kazybek"]
[Black "Boyer, Mahel"]
[Result "1-0"]
[ECO "B00"]
[WhiteElo "2316"]
[BlackElo "2227"]
[Annotator "NA"]
[PlyCount "85"]
[EventDate "2018.10.20"]
[EventType "swiss"]
[EventCountry "GRE"]
[SourceTitle "playchess.com"]
[Source "ChessBase"]
[SourceQuality "1"]
[TimeControl "40/5400+30:1800+30"]

1. e4 Nc6 2. Nf3 d6 3. d4 Nf6 4. Nc3 g6 5. Be2 Bg7 6. O-O O-O 7. d5 Nb8 8. Re1 Bg4 {[%emt 0:00:13] B08: Pirc Defence: Classical System} (8... c6 9. Bf4 b5 10. a3 a6 11. Qd2 Bb7 12. Rad1 Nbd7 13. dxc6 Bxc6 14. e5 dxe5 15. Nxe5 Nxe5 16. Bxe5 Qxd2 17. Rxd2 {½-½ (48) Anand,V (2782)-Carlsen,M (2837) Riadh 2017}) 9. h3 Bxf3 10. Bxf3 c6 11. g3 Nfd7 $146 ({Predecessor:} 11... Nbd7 12. Bg2 Qa5 13. Bd2 Qc7 14. Be3 Rfe8 15. Ne2 a5 16. c4 {½-½ (52) Julin,A (2220)-Sivuk,V (2346) Kiev 2009}) 12. Bg2 a6 13. Bg5 b5 14. Qd2 Nb6 15. Bh6 Nc4 16. Qc1 Nd7 17. Bxg7 Kxg7 18. dxc6 Nde5 19. a4 bxa4 20. Rxa4 Nb6 21. Ra3 e6 22. Qa1 $14 Qc8 23. b3 Kg8 24. Nd5 exd5 25. exd5 g5 26. Qd4 Rb8 27. h4 f6 28. Rea1 Qf5 29. Rxa6 Nc8 30. Qe4 Qxe4 31. Bxe4 f5 32. Bg2 gxh4 33. gxh4 f4 34. Bh3 Nf3+ 35. Kh1 Nxh4 36. Ra8 Ne7 37. Rxb8 Rxb8 38. c7 Rf8 39. b4 Nhf5 40. b5 Nxd5 41. Bxf5 Nxc7 42. b6 Nb5 43. b7 1-0

[Event "WYCC 2018 O14"]
[Site "Halkidiki"]
[Date "2018.10.22"]
[Round "4"]
[White "Cardoso Cardoso, Jose Gabriel"]
[Black "Tengis, Tsog-Ochir"]
[Result "1-0"]
[ECO "D35"]
[WhiteElo "2313"]
[BlackElo "2205"]
[Annotator "NA"]
[PlyCount "71"]
[EventDate "2018.10.20"]
[EventType "swiss"]
[EventCountry "GRE"]
[SourceTitle "playchess.com"]
[Source "ChessBase"]
[SourceQuality "1"]
[TimeControl "40/5400+30:1800+30"]

1. d4 Nf6 2. c4 e6 3. Nc3 d5 4. cxd5 exd5 5. Bg5 c6 6. e3 Bb4 7. Qc2 h6 {[%emt 0:01:30] E35: Nimzo-Indian: Classical: 4...d5 5 cxd5 exd5} 8. Bh4 Bg4 (8... Nbd7 9. Bd3 {½-½ (9) Smith,A (2474)-Rozentalis,E (2600) Koge 2014}) 9. Bd3 Nbd7 10. h3 $146 ({Predecessor:} 10. f3 Be6 11. Nge2 O-O 12. O-O Re8 13. Kh1 Nf8 14. e4 Be7 15. e5 {1-0 (47) Samdanov,S (2188)-Vorobiov,N (2002) Khanty-Mansiysk 2011}) 10... Be6 11. Nge2 c5 12. O-O O-O 13. Rad1 Rc8 14. dxc5 Nxc5 15. Bh7+ Kh8 16. Bf5 Qd7 (16... Bxc3 $14 17. Nxc3 Qd7) 17. Bxe6 fxe6 18. Nf4 Kg8 19. Bxf6 gxf6 20. Ncxd5 exd5 21. Nxd5 Na6 22. Qb3 Qf7 23. Rd4 Bc5 $11 24. Rf4 Kh8 25. Rxf6 Qg7 26. Re6 Nc7 27. Nxc7 Rxc7 28. Rc1 b6 29. Rc4 h5 30. Qd1 Rf5 31. b4 Rd7 32. Qc2 Rg5 33. bxc5 Rxg2+ 34. Kf1 Rg1+ 35. Ke2 Qg2 36. Rh6+ 1-0

[Event "WYCC 2018 O14"]
[Site "Halkidiki"]
[Date "2018.10.22"]
[Round "4"]
[White "Tsay, Vincent"]
[Black "Wernberg, Hugo"]
[Result "1-0"]
[ECO "D70"]
[WhiteElo "2310"]
[BlackElo "1956"]
[Annotator "NA"]
[PlyCount "59"]
[EventDate "2018.10.20"]
[EventType "swiss"]
[EventCountry "GRE"]
[SourceTitle "playchess.com"]
[Source "ChessBase"]
[SourceQuality "1"]
[TimeControl "40/5400+30:1800+30"]

1. d4 d5 2. c4 c6 3. Nf3 Nf6 4. Nbd2 Bf5 5. Nh4 Be4 6. e3 Nbd7 7. Nhf3 Qc7 8. Be2 e5 9. O-O Bxf3 10. Nxf3 e4 11. Nd2 Bd6 12. h3 g5 $14 13. Qc2 Qd8 14. f3 Qe7 15. cxd5 cxd5 16. fxe4 dxe4 17. Bb5 a6 18. Bxd7+ Kxd7 19. Nc4 Bc7 20. Qf2 Nd5 21. b3 b5 22. Ne5+ Bxe5 23. dxe5 Rhf8 24. Bb2 Rad8 25. Qf5+ Qe6 26. Qxe4 f5 27. Qd4 Ke7 28. Rad1 Qd7 29. Ba3+ b4 30. Bxb4+ 1-0

[Event "WYCC 2018 O14"]
[Site "Halkidiki"]
[Date "2018.10.22"]
[Round "4"]
[White "Krastev, Alexander"]
[Black "Redzisz, Michal"]
[Result "1-0"]
[ECO "B42"]
[WhiteElo "2298"]
[BlackElo "2026"]
[Annotator "NA"]
[PlyCount "73"]
[EventDate "2018.10.20"]
[EventType "swiss"]
[EventCountry "GRE"]
[SourceTitle "playchess.com"]
[Source "ChessBase"]
[SourceQuality "1"]
[TimeControl "40/5400+30:1800+30"]

1. e4 c5 2. Nf3 e6 3. d4 cxd4 4. Nxd4 a6 5. Bd3 Qc7 6. O-O Nf6 7. c4 b6 8. Nc3 {[%emt 0:01:43] B42: Sicilian: Kan Variation: 5 Bd3} Bb7 9. Qe2 (9. Kh1 Nc6 10. Nxc6 Qxc6 11. Qe2 Bb4 12. Nd5 Bc5 13. Be3 Bxe3 14. Qxe3 Nxd5 15. cxd5 Qd6 16. Rfd1 O-O 17. e5 Qb4 18. a3 Qxb2 19. Rdb1 Qc3 20. Bxh7+ {1-0 (20) Saric,I (2660)-Ghaem Maghami,E (2551) Almaty 2016}) 9... d6 10. b3 Nbd7 11. Bb2 Be7 12. Kh1 O-O 13. Rae1 Rac8 14. Bb1 Rfe8 $146 ({Predecessor:} 14... Qc5 15. Qd2 {1-0 (49) Tamas,M (2180)-Solymosi,I (2195) Hungary 2008}) 15. f4 e5 16. Nf5 Bf8 17. Qd2 exf4 18. Qxf4 Ne5 19. Nd5 Nxd5 20. exd5 $16 b5 21. c5 Ng6 22. cxd6 Nxf4 23. dxc7 Bxd5 24. Rxe8 Rxe8 25. c8=Q Bxg2+ 26. Kg1 Rxc8 27. Rxf4 Bb7 28. Nh6+ Kh8 29. Nxf7+ Kg8 30. Ng5 Bc5+ 31. Kf1 h6 32. Ne4 Be3 33. Rg4 Rf8+ 34. Ke2 Bxe4 35. Rxg7+ Kh8 36. Rg4+ Kh7 37. Bxe4+ 1-0

[Event "WYCC 2018 O14"]
[Site "Halkidiki"]
[Date "2018.10.22"]
[Round "4"]
[White "Ozenir, Ekin Baris"]
[Black "Pogosyan, Stefan"]
[Result "0-1"]
[ECO "A45"]
[WhiteElo "2293"]
[BlackElo "2373"]
[Annotator "NA"]
[PlyCount "91"]
[EventDate "2018.10.20"]
[EventType "swiss"]
[EventCountry "GRE"]
[SourceTitle "playchess.com"]
[Source "ChessBase"]
[SourceQuality "1"]
[TimeControl "40/5400+30:1800+30"]

1. d4 Nf6 2. Bg5 e6 3. e4 c5 4. d5 d6 {[%emt 0:01:39] A45: Damenbauernspiele (Trompowski-Angriff)} (4... h6 5. Bxf6 Qxf6 6. Nc3 a6 7. Nf3 d6 8. a4 Qe7 9. Bc4 e5 10. Be2 g6 11. O-O h5 12. Nd2 {½-½ (34) Kryakvin,D (2595)-Romanov,E (2614) Sochi 2018}) 5. Nc3 Be7 6. Bb5+ Bd7 7. dxe6 fxe6 8. e5 {[%emt 0:04:48] LiveBook: 5 Partien} dxe5 9. Bxf6 Bxf6 10. Qh5+ g6 11. Qg4 Nc6 12. O-O-O Qe7 $146 13. Ne4 a6 14. Bd3 O-O-O 15. c3 Kc7 16. Nf3 Bg7 17. Kb1 b5 18. Qg5 c4 $11 19. Bc2 Bc8 20. Qe3 Rd5 21. Ned2 Rhd8 22. Be4 Qf8 23. Qe2 Bh6 24. Rhe1 Qc5 25. g3 b4 26. cxb4 Qxb4 27. Bxd5 exd5 28. a3 Bf5+ 29. Ka1 Qa4 30. Rc1 Bd3 31. Qd1 Qxd1 32. Rcxd1 e4 33. Nh4 Bc2 34. f4 Bxd1 35. Rxd1 e3 36. Ndf3 Bg7 37. Ng2 d4 38. Rc1 Na5 39. Ka2 Kb6 40. h3 Kb5 41. Re1 Nb3 42. Ng5 Re8 43. Nf3 e2 44. a4+ Kb4 45. Ne5 d3 46. Nf3 0-1

[Event "WYCC 2018 O14"]
[Site "Halkidiki"]
[Date "2018.10.22"]
[Round "4"]
[White "Trifan, Andrei Ioan"]
[Black "Ibarra, Juan Martin"]
[Result "1-0"]
[ECO "B76"]
[WhiteElo "2290"]
[BlackElo "1899"]
[Annotator "NA"]
[PlyCount "79"]
[EventDate "2018.10.20"]
[EventType "swiss"]
[EventCountry "GRE"]
[SourceTitle "playchess.com"]
[Source "ChessBase"]
[SourceQuality "1"]
[TimeControl "40/5400+30:1800+30"]

1. e4 c5 2. Nf3 d6 3. d4 cxd4 4. Nxd4 Nf6 5. Nc3 g6 6. Be3 Bg7 7. f3 O-O 8. Qd2 Nc6 9. O-O-O d5 10. Qe1 e5 11. Nxc6 bxc6 12. exd5 Nxd5 13. Bc4 Be6 14. Kb1 Qc7 15. Nxd5 cxd5 16. Bxd5 Bxd5 17. Rxd5 Rab8 18. Qa5 Qc4 $16 19. Qc5 Qa4 20. b3 Qh4 21. Rd7 Bf6 22. Qd5 Rbd8 23. Rxd8 Rxd8 24. Qe4 Qh5 25. h4 Qf5 26. Qxf5 gxf5 27. Bxa7 Rd2 28. g4 fxg4 29. fxg4 e4 30. a4 Bc3 31. Bc5 Rg2 32. Rg1 Rxg1+ 33. Bxg1 Bd2 34. c4 h5 35. Kc2 Be1 36. gxh5 f5 37. c5 Bg3 38. a5 Bb8 39. c6 Kf7 40. a6 1-0

[Event "WYCC 2018 O14"]
[Site "Halkidiki"]
[Date "2018.10.22"]
[Round "4"]
[White "Gines Esteo, Pedro Antonio"]
[Black "Huang, Renjie"]
[Result "1-0"]
[ECO "E04"]
[WhiteElo "2288"]
[BlackElo "2322"]
[Annotator "NA"]
[PlyCount "53"]
[EventDate "2018.10.20"]
[EventType "swiss"]
[EventCountry "GRE"]
[SourceTitle "playchess.com"]
[Source "ChessBase"]
[SourceQuality "1"]
[TimeControl "40/5400+30:1800+30"]

1. d4 Nf6 2. c4 e6 3. Nf3 d5 4. g3 dxc4 5. Bg2 Nc6 6. O-O a6 7. e3 Bd7 8. Qe2 b5 9. Rd1 Rb8 {[%emt 0:04:15] E04: Open Catalan: 5 Nf3} (9... Bb4 10. b3 cxb3 11. axb3 O-O 12. e4 Ne7 13. Ne5 Nc6 14. Bg5 Be7 15. Nxd7 Qxd7 16. d5 exd5 17. Nc3 {1-0 (36) Aronian,L (2750)-Morozevich,A (2771) Nice 2009}) 10. b3 cxb3 11. axb3 Rb6 $146 ({Predecessor:} 11... Nb4 12. Ne5 Bd6 13. Bd2 Rb6 14. Nd3 Nxd3 15. Qxd3 Qe7 16. Ba5 Rb8 17. e4 {1-0 (52) Hilverda,A (2365)-Chilla,J (2248) Werther 2016}) 12. e4 Be7 13. d5 exd5 14. e5 Ne4 15. Rxd5 Nc5 16. Be3 Nxb3 17. Bxb6 Nxa1 18. Be3 Nc2 19. Bh3 Nxe3 20. Rxd7 Qa8 21. Qxe3 O-O 22. e6 f6 23. Nh4 $18 Re8 24. Bg2 Qa7 25. Bxc6 Qxe3 26. fxe3 Bc5 27. Nf5 1-0

[Event "WYCC 2018 O14"]
[Site "Halkidiki"]
[Date "2018.10.22"]
[Round "4"]
[White "Subelj, Jan"]
[Black "Stremavicius, Pijus"]
[Result "1-0"]
[ECO "B08"]
[WhiteElo "2281"]
[BlackElo "2024"]
[Annotator "NA"]
[PlyCount "117"]
[EventDate "2018.10.20"]
[EventType "swiss"]
[EventCountry "GRE"]
[SourceTitle "playchess.com"]
[Source "ChessBase"]
[SourceQuality "1"]
[TimeControl "40/5400+30:1800+30"]

1. e4 {[%emt 0:00:00] Ftacnik,L} d6 2. d4 Nf6 3. Nc3 g6 4. Nf3 Bg7 5. Be3 c6 6. a4 O-O 7. h3 Qc7 8. Qd2 Nbd7 9. a5 e5 {[%emt 0:02:18] B08: Pirc Defence: Classical System} 10. dxe5 Nxe5 11. Nxe5 (11. Be2 Rd8 12. Bg5 Be6 13. O-O Nxf3+ 14. Bxf3 Rd7 15. Qf4 Ne8 16. Qd2 Nf6 17. Qf4 Ne8 18. Qd2 {½-½ (18) Movsesian,S (2632)-Onischuk,V (2632) Germany 2018}) 11... dxe5 {[%emt 0:00:07] LiveBook: 4 Games} 12. Bc5 Rd8 13. Qe3 Be6 $146 ({Predecessor:} 13... Nd7 14. Bb4 Nf8 15. Bc4 Ne6 16. Bxe6 Bxe6 17. Bc5 Bc4 18. Ra4 Ba6 19. Bxa7 Rxa7 20. Qxa7 Bh6 21. f4 Qd6 {0-1 (21) Marttala,T-Fries Nielsen,J (2355) Copenhagen 1980 EXT 2000 [Ftacnik,L]}) 14. Be2 Nd7 15. Be7 Re8 16. Bb4 b5 17. a6 Qb6 18. Qxb6 axb6 19. Bd6 Bf8 20. Bxf8 Kxf8 21. b4 Nf6 22. O-O Ke7 23. a7 Rec8 24. Ra6 Rc7 25. Rfa1 Rb7 26. f4 exf4 27. Bf3 Nd7 28. Nd5+ Kd8 29. Nxf4 $11 Ne5 30. Nd3 Nxf3+ 31. gxf3 Bxh3 32. Ne5 Bd7 33. Nxf7+ Ke7 34. Ne5 Be8 35. Kf2 Kd6 36. Nd3 g5 37. Ke3 h5 38. f4 gxf4+ 39. Nxf4 Ke5 40. Nd3+ Ke6 41. c3 Kd6 42. R6a2 Rg7 43. Ra6 Rg3+ 44. Kd4 Kc7 45. Nf4 h4 46. R6a2 Kb7 47. Ke5 Rxc3 48. Rg2 Rg3 49. Rxg3 hxg3 50. Rg1 Kxa7 51. Rxg3 c5 52. Rg7+ Ka6 53. Nd5 Ra7 54. Nc7+ Rxc7 55. Rxc7 cxb4 56. Kd4 b3 57. Kc3 b2 58. Kxb2 b4 59. e5 1-0

[Event "WYCC 2018 O14"]
[Site "Halkidiki"]
[Date "2018.10.22"]
[Round "4"]
[White "Gombocz, Ferenc Jr."]
[Black "Gavriil, Odysseas-Panagiotis"]
[Result "1-0"]
[ECO "A15"]
[WhiteElo "2271"]
[BlackElo "2009"]
[Annotator "NA"]
[PlyCount "73"]
[EventDate "2018.10.20"]
[EventType "swiss"]
[EventCountry "GRE"]
[SourceTitle "playchess.com"]
[Source "ChessBase"]
[SourceQuality "1"]
[TimeControl "40/5400+30:1800+30"]

1. c4 Nf6 2. g3 g6 3. Bg2 Bg7 4. Nc3 O-O 5. e4 c5 6. Nge2 Nc6 7. d3 d6 8. O-O a6 9. h3 Ne8 {[%emt 0:01:16] A36: Symmetrical English vs ...g6: 4 Bg2 Bg7} (9... Rb8 10. a4 Nd7 11. f4 Nd4 12. Kh2 b6 13. Be3 Bb7 14. Bg1 f5 15. Rb1 e6 16. b4 Ba8 17. Qd2 Qc7 18. Qa2 {1-0 (48) Aronian,L (2795)-Nepomniachtchi,I (2740) Moscow 2016}) 10. Be3 Bd7 11. d4 cxd4 12. Nxd4 Nc7 13. Rb1 Ne6 $146 ({Predecessor:} 13... Rb8 14. Qd2 b5 15. cxb5 axb5 16. Rbc1 Ne5 17. b3 b4 18. Nd5 Nxd5 19. exd5 {1-0 (27) Saito,V (2152)-Abdalla,J (2162) Sao Paulo 2015}) 14. Nde2 a5 15. a3 Ne5 16. b3 Bc6 17. f4 Nd7 18. Qc2 f5 19. Nd5 Bxd5 20. exd5 Nc7 21. Bd4 Nf6 22. Rfe1 e6 23. Bb6 Ra6 24. Bxc7 Qxc7 25. dxe6 Qc5+ 26. Kh2 d5 27. Nc3 d4 28. Nb5 Ne8 29. e7 Rff6 30. Bxb7 Rad6 31. b4 $18 axb4 32. axb4 Qb6 33. Nxd6 Qxd6 34. Qa4 Qb8 35. Bc6 Qc8 36. Bxe8 Ra6 37. Bf7+ 1-0